Map: Odyssey LE

Players

Erfeyah

  • Race: Protoss Protoss
  • Spawn Location: 11:00

Fidoran - Winner!

  • Race: Protoss Protoss
  • Spawn Location: 5:00

VOD

Have the link to the VOD?

Description

Time

  • Played on: Nov. 21, 2017, 1:39 p.m.
  • Length: 4:48
Show
View Real Time Build Order
Export as new Build Order

Erfeyah Protoss 

Build Orders:  

Get SALT Encoding   

  12  0:03  Probe (Chrono Boost)  
  14  0:15  Probe (Chrono Boost)  
  14  0:19  Probe  
  15  0:36  Pylon  
  15  0:54  Assimilator  
  15  1:04  Probe (Chrono Boost)  
  17  1:15  Probe (Chrono Boost)  
  17  1:18  Probe  
  18  1:31  Gateway  
  18  1:40  Probe  
  19  1:55  Gateway  
  18  2:29  Zealot (Chrono Boost)  
  20  2:46  Zealot  
  20  3:13  Zealot (Chrono Boost)  
  20  3:39  Zealot (Chrono Boost)  
  20  3:40  Assimilator  
Show
View Real Time Build Order
Export as new Build Order

Fidoran Protoss - Winner!

Build Orders: Cannon Rush 

Get SALT Encoding   

  12  0:11  Pylon  
  12  0:30  Forge  
  12  0:56  Pylon  
  12  1:08  Pylon  
  12  1:28  Photon Cannon  
  12  1:36  Photon Cannon  
  12  1:47  Photon Cannon  
  12  2:05  Photon Cannon  
  12  2:30  Photon Cannon  
  12  2:44  Pylon  
  12  3:07  Photon Cannon  
  12  3:14  Photon Cannon  
  12  3:39  Photon Cannon  
  12  4:09  Photon Cannon  
Tags
 
Matchup
PvP
Spawn Locations
Cross Positions
Add a new tag
Caveats
  • Supply blocks, unpowered buildings, or Contaminate may cause inaccurate times.
  • Supply counts are checked every 10 seconds.